 Dungeon Crawl Stone Soup version 0.23-a0-408-g9d4b7ed (webtiles) character file.

751 galech the Chopper (level 7, -2/55 HPs)
             Began as a Demonspawn Fighter on Nov 8, 2018.
             Was an Initiate of Okawaru.
             Killed from afar by an orc wizard (4 damage)
             ... with a puff of flame
             ... on level 5 of the Dungeon.
             The game lasted 00:05:02 (4584 turns).

galech the Chopper (Demonspawn Fighter)             Turns: 4584, Time: 00:05:02

Health: -2/55      AC:  8    Str: 16    XL:     7   Next: 49%
Magic:  7/7        EV:  8    Int:  9    God:    Okawaru [......]
Gold:   187        SH:  9    Dex: 15    Spells: 6/6 levels left

rFire    + . .     SeeInvis .   a - +0 war axe
rCold    . . .     Gourm    .   c - +0 shield
rNeg     . . .     Faith    .   b - +0 scale mail
rPois    .         Spirit   .   o - +0 helmet
rElec    .         Reflect  .   (no cloak)
rCorr    .         Harm     .   (no gloves)
MR       .....                  (no boots)
Stlth    ..........             (no amulet)
HPRegen  0.18/turn              (no ring)
MPRegen  0.10/turn              (no ring)

@: no status effects
A: hooves 2, fire resistance 1, flame cloud immunity
a: Renounce Religion


You were on level 5 of the Dungeon.
You worshipped Okawaru.
Okawaru was noncommittal.
You were not hungry.

You visited 2 branches of the dungeon, and saw 6 of its levels.

You collected 187 gold pieces.

Inventory:

Hand Weapons
 a - a +0 war axe (weapon)
Armour
 b - a +0 scale mail (worn)
 c - a +0 shield (worn)
 o - a +0 helmet (worn)
 v - a +0 ring mail of cold resistance
Wands
 y - a wand of disintegration (32)
Scrolls
 e - 4 scrolls of fog
 g - a scroll of enchant armour
 h - 5 scrolls of teleportation
 j - a scroll of vulnerability {unknown}
 m - 5 scrolls of magic mapping
 t - 3 scrolls of immolation
 u - a scroll of amnesia {unknown}
Potions
 d - 2 potions of might
 k - a potion of degeneration {unknown}
 n - a potion of magic
 p - 2 potions of lignification {unknown}
 q - a potion of flight {unknown}
 r - a potion of curing
 s - a potion of brilliance {unknown}
 w - 2 potions of mutation {unknown}
 x - a potion of haste {unknown}
Comestibles
 f - 12 rations
 i - a chunk of flesh


   Skills:
 + Level 4.5 Fighting
 + Level 5.0 Axes
 + Level 4.2 Armour
 + Level 1.3 Dodging
 + Level 4.3 Shields


You had 6 spell levels left.
You didn't know any spells.
Your spell library was empty.

Dungeon Overview and Level Annotations

Branches:
Dungeon (5/15)             Temple (1/1) D:5

Altars:
Ashenzari
Dithmenos
Elyvilon
Gozag
Hepliaklqana
Kikubaaqudgha
Okawaru
Qazlal
Trog
Wu Jian
Xom
Zin
The Shining One


Innate Abilities, Weirdness & Mutations

You have hoof-like feet.
Your flesh is heat resistant. (rF+)
You are immune to clouds of flame.


Message History

You hit something.
The orc wizard hits you but does no damage.
Something hits you. Something shocks you.
* * * LOW HITPOINT WARNING * * *
You block the orc wizard's attack.
You closely miss the orc wizard. Your kick misses the orc wizard.
The orc wizard is almost dead.
You barely miss something. Something hits you.
* * * LOW HITPOINT WARNING * * *
Something shocks you.
* * * LOW HITPOINT WARNING * * *
The orc wizard mumbles some strange words.
The orc wizard flickers and vanishes!
Something hits you but does no damage.
You hear some strange, mumbled words.
A puff of flame appears from out of thin air!
The puff of flame hits you! You resist.
* * * LOW HITPOINT WARNING * * *
A puff of flame appears from out of thin air!
The puff of flame hits you! You resist.
You die...

# #.##..........#.......#...
..######.##..........#.#..÷#.#...
..+.......................<..#...
....####.#########.#.#.#.#...#...
............# #.#.#..<....#...
.≈≈≈≈≈......# #.#.#######.....
≈≈≈≈≈≈≈≈....# #.#.............
≈≈≈≈≈≈≈≈≈≈..######.##########....
≈≈≈≈≈(≈≈≈≈≈.....@...............>
≈≈..(≈≈≈≈≈≈o######.#.....####..#.
≈≈.>(≈≈≈≈≈≈.# # . ##.#.
≈≈...≈≈≈≈≈≈o# #.#. ≈≈≈≈≈≈≈≈≈≈.o#
#.#. ≈≈≈≈≈≈≈≈..?.# #.#.
.≈≈≈≈≈....... #... ...o.........
#... ###........## #...


You could see an orc.

Vanquished Creatures
  A phantom (D:5)
  3 vampire bats (D:4)
  A crimson imp (D:4)
  A hound (D:4)
  2 jellies (D:5)
  An orc priest (D:4)
  A bullfrog skeleton (D:4)
  An iguana (D:5)
  3 orc wizards (D:4)
  Natasha (thrice) (D:4)
  A howler monkey zombie (D:5)
  Robin (D:2)
  3 gnolls (D:3)
  3 adders
  An adder skeleton (D:4)
  An adder zombie (D:5)
  A worm (D:4)
  A dart slug (D:1)
  A leopard gecko (D:1)
  18 orcs
  A bat skeleton (D:4)
  4 bat zombies (D:4)
  15 hobgoblins
  2 jackals (D:1)
  2 quokkas (D:4)
  8 bats
  4 frilled lizards
  6 goblins
  A kobold (D:1)
  4 rats
95 creatures vanquished.

Notes
Turn   | Place    | Note
-------+----------+-------------------------------------------
     0 | D:1      | galech the Demonspawn Fighter began the quest for the Orb.
     0 | D:1      | Reached XP level 1. HP: 18/18 MP: 1/1
   109 | D:1      | Gained mutation: You have large cloven feet. [demonic
                  | ancestry]
   109 | D:1      | Reached XP level 2. HP: 20/24 MP: 2/2
   225 | D:1      | Reached skill level 2 in Axes
   539 | D:2      | Noticed Robin
   542 | D:2      | Reached XP level 3. HP: 29/29 MP: 3/3
   549 | D:2      | Killed Robin
   770 | D:2      | Found an ornate altar of the Wu Jian Council.
   884 | D:2      | Found a hazy altar of Hepliaklqana.
   884 | D:2      | Found a glowing golden altar of the Shining One.
  1322 | D:3      | Found a shimmering altar of Xom.
  1324 | D:3      | Noticed an angel
  1329 | D:3      | Found a glowing silver altar of Zin.
  1475 | D:3      | Reached XP level 4. HP: 26/35 MP: 4/4
  1638 | D:3      | Found a faded altar of an unknown god.
  1739 | D:3      | Reached skill level 3 in Axes
  2109 | D:4      | Gained mutation: Your flesh is heat resistant. (rF+)
                  | [demonic ancestry]
  2109 | D:4      | Reached XP level 5. HP: 21/41 MP: 5/5
  2749 | D:4      | Reached skill level 4 in Axes
  2782 | D:4      | Gained mutation: You are immune to clouds of flame.
                  | [demonic ancestry]
  2782 | D:4      | Reached XP level 6. HP: 24/48 MP: 6/6
  3010 | D:4      | Noticed Natasha
  3014 | D:4      | Killed Natasha
  3245 | D:4      | Noticed Natasha
  3256 | D:4      | Killed Natasha
  3262 | D:4      | Noticed Natasha
  3275 | D:4      | Killed Natasha
  3800 | D:4      | Found an ancient bone altar of Kikubaaqudgha.
  3812 | D:4      | Reached skill level 1 in Dodging
  3813 | D:4      | Gained mutation: You have hoof-like feet. [demonic
                  | ancestry]
  3813 | D:4      | Reached XP level 7. HP: 49/55 MP: 7/7
  3902 | D:5      | Entered Level 5 of the Dungeon
  4044 | D:5      | Reached skill level 5 in Axes
  4489 | D:5      | Found a staircase to the Ecumenical Temple.
  4498 | Temple   | Entered the Ecumenical Temple
  4526 | Temple   | Became a worshipper of Warmaster Okawaru
  4580 | D:5      | HP: 1/55 [something/puff of flame (4)]
  4584 | D:5      | Killed from afar by an orc wizard

Vault maps used:
D:1:      enne_arrival_octagon_isle, minmay_pentomino_q2
D:2:      lemuel_crystal_altar, chequers_temple_overflow_statue_of_worship,
          chequers_serial_rivers_room_b, minmay_misc_feat_tower, uniq_robin
D:3:      grunt_temple_overflow_order_and_chaos_1,
          chequers_ecumenical_altar_twisty, first_ration, glass_columns_b,
          minmay_misc_feat_room
D:4:      kennysheep_vampire_church, uniq_natasha
D:5:      grunt_temple_overflow_cloverleaf, temple_pool_b
Temple:   chequers_temple_sunken

Skill      XL: |  1  2  3  4  5  6  7 |
---------------+----------------------+-----
Shields        | 3 4 |  4.3
Axes           | 2 3 4 5 |  5.0
Armour         | 3 4 |  4.2
Fighting       | 4 |  4.5
Dodging        | 1 |  1.3

Action                   |  1- 3 |  4- 6 |  7- 9 || total
-------------------------+-------+-------+-------++-------
Melee: War axe           |    93 |   149 |    58 ||   300
       Kick              |    17 |    32 |    19 ||    68
  Use: Potion            |       |     2 |       ||     2
       Scroll            |       |       |     7 ||     7
  Eat: Chunk             |     2 |     8 |     2 ||    12
Armor: Scale mail        |    50 |   104 |    26 ||   180
Dodge: Dodged            |    40 |    54 |    17 ||   111
Block: Shield            |    65 |    76 |    19 ||   160

Table legend:
 A = Non-vault XP
 B = Vault XP
 C = Vault XP percentage of total XP
 D = Non-vault monster count
 E = Vault monster count
 F = Vault count percentage of total count
                 A         B        C        D         E       F
            +---------+---------+-------+---------+---------+-------
      Total |     823 |     250 |  23.3 |      73 |      22 |  23.2
            +---------+---------+-------+---------+---------+-------
        D:1 |      29 |       3 |   9.4 |      17 |       2 |  10.5
        D:2 |      12 |      35 |  74.5 |       8 |      11 |  57.9
        D:3 |      64 |       0 |   0.0 |      12 |       0 |   0.0
        D:4 |     437 |     212 |  32.7 |      28 |       9 |  24.3
        D:5 |     281 |       0 |   0.0 |       8 |       0 |   0.0
            +---------+---------+-------+---------+---------+-------
